 Dungeon Crawl Stone Soup version 0.26.0-10-g1f06aea511 (webtiles) character file.

Game seed: 10506029724798477671

15302 Borgoz the Carver (level 12, -16/106 HPs)
             Began as a Ghoul Gladiator on Jan 14, 2021.
             Was a Follower of Ashenzari.
             Demolished by an orc knight
             ... wielding a +0 war axe
              (25 damage)
             ... in a bailey.
             The game lasted 00:20:03 (10540 turns).

Borgoz the Carver (Ghoul Gladiator)                Turns: 10540, Time: 00:20:03

Health: -16/106    AC: 17    Str: 16 (19) XL:     12   Next: 25%
Magic:  11/11      EV: 15    Int:  6 (9)  God:    Ashenzari [*.....]
Gold:   542        SH:  3    Dex: 14      Spells: 11/11 levels left

rFire    . . .     SeeInvis +   h - +3 scimitar (vamp)
rCold    + + .     Faith    .   q - +0 buckler
rNeg     + + +     Spirit   .   s - +3 ring mail {rC+}
rPois    ∞         Reflect  .   m - +1 helmet {SInv}
rElec    .         Harm     .   x - +2 cloak
rCorr    .         Rampage  .   B - +0 pair of gloves
Will     .....                  (no boots)
Stlth    ++........             e - amulet of regeneration
HPRegen  0.00/turn              C - +4 ring of slaying
MPRegen  0.12/turn              A - +6 ring of intelligence

@: mighty
A: claws 1, cold resistance 1, negative energy resistance 3, inhibited
regeneration, torment resistance, unbreathing
a: Renounce Religion, Curse Item, Scrying


You were in a bailey.
You worshipped Ashenzari.
Ashenzari was aware of your devotion.
You visited 2 branches of the dungeon, and saw 12 of its levels.
You also visited: Bailey and Gauntlet.

You collected 542 gold pieces.

Inventory:

Hand Weapons
 h - a +3 vampiric scimitar (weapon)
Armour
 m - a +1 helmet of see invisible (worn)
 q - a +0 buckler (worn)
 s - a +3 ring mail of cold resistance (worn)
 x - a +2 cloak (worn)
 B - a +0 pair of gloves (worn)
Jewellery
 b - a +6 ring of dexterity
 c - an uncursed ring of resist corrosion
 e - an amulet of regeneration (around neck)
 t - a +4 ring of protection
 A - a +6 ring of intelligence (right hand)
 C - a +4 ring of slaying (left hand)
Wands
 a - a wand of iceblast (29)
 n - a wand of paralysis (7)
 p - a wand of acid (6)
 v - a wand of polymorph (7)
Scrolls
 f - 2 scrolls of blinking
 j - 2 scrolls of enchant armour {unknown}
 k - 3 scrolls of remove curse
 r - a scroll of magic mapping
 u - 4 scrolls of teleportation
 w - 3 scrolls of amnesia
 y - 3 scrolls of noise {unknown}
 D - 2 scrolls of enchant weapon {unknown}
 G - a scroll of immolation {unknown}
Potions
 g - a potion of haste
 i - 2 potions of heal wounds
 l - a potion of might
 o - 6 potions of flight


   Skills:
 * Level 9.8 Fighting
 * Level 9.9 Long Blades
 - Level 1.7 Throwing
 * Level 9.5 Armour
 * Level 9.1 Dodging
 - Level 4.5 Stealth
 + Level 4.3 Evocations


You had 11 spell levels left.
You didn't know any spells.
Your spell library contained the following spells:

 Spells                   Type           Power        Failure   Level
 Freeze                   Ice            0%           80%         1
 Frozen Ramparts          Ice            0%           99%         3
 Ozocubu's Armour         Ice            0%           99%         3
 Hailstorm                Conj/Ice       0%           100%        4
 Summon Ice Beast         Ice/Summ       0%           100%        4


Dungeon Overview and Level Annotations

Branches:
Dungeon (11/15)            Temple (1/1) D:6            Lair (0/6) D:9
 Bailey (1/1)             Gauntlet (visited)
    Orc: D:9-12

Altars:
Ashenzari
Cheibriados
Dithmenos
Elyvilon
Gozag
Hepliaklqana
Makhleb
Nemelex Xobeh
Okawaru
Ru
Trog
Uskayaw
Vehumet
Wu Jian
Xom
Yredelemnul
Zin
The Shining One

Shops:
D:10 *

Annotations:
D:6 2 transporters, ma3's ghost, novice GrFi


Innate Abilities, Weirdness & Mutations

You thrive by killing the living.
You are immune to poison.
You have sharp fingernails.
Your flesh is cold resistant. (rC+)
You are immune to negative energy. (rN+++)
You do not regenerate when monsters are visible.
You are immune to unholy pain and torment.
You can survive without breathing.


Message History

You hit the orc knight.
You feel better.
The orc knight is severely wounded.
The orc knight hits you with a +0 war axe.
* * * LOW HITPOINT WARNING * * *
The orc knight hits you with a +0 war axe!
* * * LOW HITPOINT WARNING * * *
The orc knight barely misses you.
You riposte.
You barely miss the orc knight.
The orc knight is severely wounded.
A hobgoblin comes into view. It is wielding a +0 hand axe.
There is a large open door here.
The orc knight roars a battlecry!
Okay, then.
Evoke which item? (* to show all) (? for menu, Esc to quit)
Aiming: Paralyse
Press: ? - help, Shift-Dir - straight line, f - orc knight
Aim: an orc knight, wielding a +0 war axe and wearing a +3 chain mail (strong, chance to affect: 41%)
The orc knight resists with some effort.
The orc knight no longer looks unusually strong.
The orc knight hits you with a +0 war axe!!
You die...

+.............+ #+#######
.g#.......# #..gg.'.8)8.8.#
#≈≈≈≈≈#
#+#####o.)g...######≈≈≈≈≈#
#...)#.o....#.≈≈≈≈≈≈#
#!!#....#..{...#.≈≈≈≈≈.######
#..#....#####o'#.≈≈≈≈≈......#
#..#....##...@.#.≈≈≈≈≈......##
##+#....##....)'..............
#._..##..⌠.)'..........∩.!∩
#....##....))..............
#....##.....#.≈≈≈≈≈......##
####++#.≈≈≈≈≈......#
#.≈≈≈≈≈.###### #.≈≈≈≈≈≈#
###≈≈≈≈≈#


You could see an orc knight (strong).

Vanquished Creatures
  A minotaur (Gauntlet)
  A boulder beetle (D:9)
  A centaur warrior (D:9)
  A tengu warrior (Gauntlet)
  3 two-headed ogres
  A soul eater (Gauntlet)
  An unseen horror (D:10)
  A wretched star (Gauntlet)
  An orc sorcerer (Bailey)
  A deep elf mage (D:10)
  A cyclops (D:11)
  A minotaur zombie (Gauntlet)
  4 kobold demonologists
  A komodo dragon (D:9)
  Maggie (D:9)
  A tengu conjurer (Gauntlet)
  Eustachio (D:5)
  2 neqoxecs (Gauntlet)
  Duvessa (D:6)
  7 orc warriors
  3 black bears
  A phantom (D:7)
  6 ogres
  3 centaurs
  4 big kobolds
  7 bullfrogs
  Dowan (D:6)
  A scorpion (D:9)
  3 killer bees (D:10)
  9 wights
  An electric eel (D:7)
  5 howler monkeys
  A centaur zombie (D:5)
  A quasit (D:9)
  A bullfrog zombie (D:7)
  2 jellies (D:7)
  7 hounds
  Crazy Yiuf (D:5)
  5 orc priests
  Ijyb (D:5)
  A bullfrog skeleton (D:4)
  5 iguanas
  10 orc wizards
  8 worker ants
  2 hound zombies
  2 howler monkey zombies
  2 worker ant zombies
  12 gnolls
  13 adders
  3 shadow imps
  A white imp (D:8)
  6 ufetubi
  3 oozes
  An adder zombie (D:7)
  An adder skeleton (D:5)
  A worm (D:2)
  2 dart slugs (D:2)
  5 leopard geckos
  34 orcs
  6 giant cockroaches
  12 goblins
  8 hobgoblins
  7 jackals
  8 quokkas
  2 ball python skeletons
  12 bats
  6 frilled lizards
  15 kobolds
  A leopard gecko skeleton (D:7)
  A leopard gecko zombie (D:9)
  2 quokka skeletons
  A quokka zombie (D:4)
  6 rats
294 creatures vanquished.

Vanquished Creatures (others)
  A bullfrog (D:7)
  A demonic plant (Gauntlet)
  32 plants (D:9)
34 creatures vanquished.

Grand Total: 328 creatures vanquished

Notes
Turn   | Place    | Note
-------+----------+-------------------------------------------
     0 | D:1      | Borgoz the Ghoul Gladiator began the quest for the Orb.
     0 | D:1      | Reached XP level 1. HP: 17/17 MP: 0/0
   137 | D:1      | Reached XP level 2. HP: 22/24 MP: 1/1
   233 | D:1      | Reached skill level 1 in Armour
   339 | D:1      | Found a sparkling altar of Nemelex Xobeh.
   351 | D:1      | Reached XP level 3. HP: 30/30 MP: 2/2
   850 | D:2      | Reached XP level 4. HP: 24/37 MP: 3/3
  1059 | D:2      | Found a burning altar of Makhleb.
  1993 | D:3      | Reached XP level 5. HP: 21/44 MP: 4/4
  2594 | D:4      | Found a glowing golden altar of the Shining One.
  2767 | D:4      | Reached XP level 6. HP: 41/51 MP: 5/5
  3368 | D:4      | Reached skill level 5 in Armour
  3368 | D:4      | Reached XP level 7. HP: 66/66 MP: 6/6
  3391 | D:5      | Entered Level 5 of the Dungeon
  3507 | D:5      | Noticed Eustachio
  3509 | D:5      | Noticed Ijyb
  3924 | D:5      | Killed Eustachio
  3925 | D:5      | Reached XP level 8. HP: 34/73 MP: 7/7
  4484 | D:5      | Found a runed translucent door.
  4485 | D:5      | Noticed Crazy Yiuf
  4566 | D:5      | Paralysed by Ijyb for 5 turns
  4577 | D:5      | Paralysed by Ijyb for 3 turns
  4583 | D:5      | Killed Ijyb
  4655 | D:5      | Killed Crazy Yiuf
  4922 | D:6      | Noticed a wraith
  5046 | D:6      | Noticed Dowan
  5055 | D:6      | Noticed Duvessa
  5069 | D:6      | Killed Duvessa
  5071 | D:6      | Killed Dowan
  5146 | D:6      | Found a staircase to the Ecumenical Temple.
  5159 | Temple   | Entered the Ecumenical Temple
  5169 | Temple   | Became a worshipper of Ashenzari the Shackled
  5193 | D:6      | Reached XP level 9. HP: 60/79 MP: 8/8
  5775 | D:6      | Noticed a two-headed ogre
  5781 | D:6      | Killed a two-headed ogre
  5958 | D:6      | Found a transporter.
  5962 | D:6      | Noticed ma3's ghost (novice GrFi)
  5997 | D:6      | Found a transporter.
  6542 | D:7      | Reached XP level 10. HP: 16/88 MP: 9/9
  6744 | D:7      | Found a radiant altar of Vehumet.
  7577 | D:8      | Noticed a two-headed ogre
  7593 | D:8      | Killed a two-headed ogre
  7748 | D:8      | Noticed a kobold demonologist
  7748 | D:8      | Noticed a kobold demonologist
  7749 | D:8      | Noticed a kobold demonologist
  7772 | D:8      | Noticed a soul eater
  7777 | D:8      | Noticed a smoke demon
  7777 | D:8      | Killed a kobold demonologist
  7778 | D:8      | Killed a kobold demonologist
  7782 | D:8      | Killed a kobold demonologist
  8104 | D:9      | Noticed a boulder beetle
  8130 | D:9      | Killed a boulder beetle
  8316 | D:9      | Reached XP level 11. HP: 95/95 MP: 10/10
  8464 | D:9      | Found a staircase to the Lair.
  8485 | D:9      | Noticed a centaur warrior
  8495 | D:9      | Killed a centaur warrior
  8546 | D:9      | Noticed Maggie
  8550 | D:9      | Noticed a two-headed ogre
  8563 | D:9      | Killed a two-headed ogre
  8573 | D:9      | Killed Maggie
  8701 | D:9      | Reached * piety under Ashenzari
  9062 | D:10     | Entered Level 10 of the Dungeon
  9136 | D:10     | Noticed a deep elf mage
  9145 | D:10     | Noticed a sixfirhy
  9145 | D:10     | Killed a deep elf mage
  9151 | D:10     | Killed an unseen horror
  9342 | D:10     | Identified the cursed +0 scale mail of the Swan {rElec
                  | rPois Will- Int+6}
  9370 | D:10     | Found Ocokk's General Store.
 10033 | D:11     | Noticed a cyclops
 10046 | D:11     | Killed a cyclops
 10049 | D:11     | Found a gate leading to a gauntlet.
 10058 | Gauntlet | Entered a Gauntlet
 10058 | Gauntlet | Found a transporter.
 10062 | Gauntlet | Noticed a soul eater
 10080 | Gauntlet | HP: 4/97 [soul eater (16)]
 10085 | Gauntlet | Killed a soul eater
 10089 | Gauntlet | Found a transporter.
 10094 | Gauntlet | Noticed a tengu warrior
 10097 | Gauntlet | Found a transporter.
 10116 | Gauntlet | Found a transporter.
 10163 | Gauntlet | Found a transporter.
 10164 | Gauntlet | Found a transporter.
 10164 | Gauntlet | Found a runed translucent door.
 10164 | Gauntlet | Found a transporter.
 10172 | Gauntlet | Killed a tengu warrior
 10183 | Gauntlet | Noticed a blizzard demon
 10186 | Gauntlet | Found a runed translucent door.
 10186 | Gauntlet | Noticed a wretched star
 10213 | Gauntlet | Noticed a blizzard demon
 10232 | Gauntlet | Killed a wretched star
 10233 | Gauntlet | Reached XP level 12. HP: 63/105 MP: 11/11
 10233 | Gauntlet | Found a transporter.
 10238 | Gauntlet | Found a transporter.
 10238 | Gauntlet | Found a transporter.
 10244 | Gauntlet | Found a transporter.
 10278 | Gauntlet | Noticed a minotaur
 10297 | Gauntlet | Killed a minotaur
 10412 | D:11     | Found a flagged portal.
 10428 | Bailey   | Entered a bailey
 10471 | Bailey   | Found an iron altar of Okawaru.
 10493 | Bailey   | Paralysed by an orc sorcerer for 4 turns
 10540 | Bailey   | Demolished by an orc knight

Illustrated notes

Levels and vault maps discovered:
D:1:      matt_arrival_los_fun, layout_basic, nemelex_diamond_rough_becter
D:2:      layout_basic, bloody_makhleb
D:3:      layout_basic
D:4:      layout_gridville, tso_metal_star
D:5:      minmay_spotlight, layout_basic, uniq_crazy_yiuf_cottage, uniq_ijyb,
          uniq_eustachio
D:6:      layout_basic, minmay_temple_entry_butterflies,
          gammafunk_ghost_mausoleum, minmay_misc_feat_tiny, feat_on_display,
          uniq_duvessa
D:7:      kb_forest_paths, layout_basic, fiery_altar_vehumet,
          nicolae_water_bricks, minmay_joined_circles
D:8:      layout_gridville
D:9:      layout_small_grid, david_lair_shrubbed, uniq_maggie
D:10:     layout_basic, serial_shops, shop
D:11:     minmay_slanted_spiral_squares, layout_long_grid,
          gauntlet_entry_generic, lightli_bailey_entry_fortress
Temple:   dpeg_three_leaves_temple
Bailey:   bailey_axe_of_yendor_kennysheep, bailey

Skill      XL: |  1  2  3  4  5  6  7  8  9 10 11 12 |
---------------+-------------------------------------+-----
Long Blades    | 3 4 6 7 8 9 |  9.9
Armour         | 1 2 5 6 7 8 9 |  9.5
Dodging        | 3 6 7 8 9 |  9.1
Fighting       | 3 7 8 9 |  9.8
Stealth        | 4 |  4.5
Evocations     | 3 4 |  4.3
Throwing       | |  1.7

Action                   |  1- 3 |  4- 6 |  7- 9 | 10-12 || total
-------------------------+-------+-------+-------+-------++-------
Melee: Long sword        |   102 |   147 |   250 |       ||   499
       Scimitar          |       |       |   162 |   466 ||   628
Throw: Throwing net      |       |     5 |     2 |     4 ||    11
Evoke: Wand              |       |       |     2 |     9 ||    11
  Use: Scroll            |     2 |     2 |     5 |    11 ||    20
       Potion            |       |     3 |     3 |    14 ||    20
 Stab: Held in net/web   |       |     1 |     1 |     4 ||     6
       Sleeping          |       |       |     3 |     4 ||     7
       Invisible         |       |       |     1 |    11 ||    12
       Paralysed         |       |       |       |     3 ||     3
       Distracted        |       |       |       |     2 ||     2
Armor: Leather armour    |    41 |    38 |    61 |       ||   140
       Ring mail         |       |       |    54 |   217 ||   271
Dodge: Dodged            |    97 |   139 |   285 |   388 ||   909
Block: Buckler           |       |       |       |    13 ||    13
       Rpst.: Long sword |    39 |    30 |    59 |       ||   128
       Scimitar          |       |       |    27 |    94 ||   121
